 Dungeon Crawl Stone Soup version 0.30-a0-4-ga7cffc901d (webtiles) character file.

Game seed: 3435600948086368574

104 porpoise the Slasher (level 4, -4/40 HPs)
             Began as a Hill Orc Warper on Aug 22, 2022.
             Slain by a steam dragon (6 damage)
             ... on level 6 of the Dungeon.
             The game lasted 00:07:23 (2589 turns).

porpoise the Slasher (Hill Orc Warper)              Turns: 2589, Time: 00:07:24

Health: -4/40      AC:  6    Str: 13    XL:     4   Next: 80%
Magic:  6/6        EV: 11    Int: 13    God:
Gold:   62         SH:  0    Dex: 12    Spells: 6/6 levels left

rFire   . . .      SeeInvis .    a - +0 long sword
rCold   . . .      Faith    .    (no shield)
rNeg    . . .      Spirit   .    o - +0 leather armour
rPois   .          Reflect  .    p - +0 helmet
rElec   .          Harm     .    l - +0 cloak
rCorr   .          Rampage  .    i - +0 pair of gloves
Will    .....                    (no boots)
Stlth   +.........               (no amulet)
HPRegen 0.13/turn                (no ring)
MPRegen 0.10/turn                (no ring)

@: no status effects
A: no striking features
a: no special abilities


You were on level 6 of the Dungeon.
You visited 1 branch of the dungeon, and saw 4 of its levels.

You collected 62 gold pieces.

Inventory:

Hand Weapons
 a - a +0 long sword (weapon)
 b - a +3 short sword
Missiles
 d - 6 boomerangs of dispersal (quivered)
 j - 11 poisoned darts
Armour
 i - a +0 pair of gloves (worn)
 l - a +0 cloak (worn)
 o - a +0 leather armour (worn)
 p - a +0 helmet (worn)
Wands
 r - a wand of digging (2)
Scrolls
 c - 2 scrolls of blinking
 f - 2 scrolls of vulnerability {unknown}
 g - 2 scrolls of fear {unknown}
 h - a scroll of teleportation {unknown}
 m - 2 scrolls of identify {unknown}
 n - a scroll of amnesia {unknown}
 q - a scroll of enchant armour {unknown}
Potions
 e - a potion of curing
 k - a potion of haste {unknown}


   Skills:
 + Level 3.8 Fighting
 * Level 4.5 Long Blades
 - Level 0.8 Throwing
 - Level 1.1 Armour
 - Level 1.5 Dodging
 - Level 1.5 Spellcasting
 - Level 2.4 Translocations


You had 6 spell levels left.
You didn't know any spells.
Your spell library contained the following spells:

 Spells                   Type           Power      Damage    Failure   Level
 Blink                    Tloc           14%        N/A       19%         2
 Gell's Gravitas          Tloc           7%         N/A       36%         3
 Lesser Beckoning         Tloc           7%         N/A       36%         3
 Teleport Other           Tloc           7%         N/A       36%         3
 Cause Fear               Hex            0%         N/A       98%         4
 Leda's Liquefaction      Hex/Erth       0%         N/A       98%         4
 Manifold Assault         Tloc           7%         N/A       98%         5
 Lee's Rapid Deconstruct  Erth           0%         3d5*      100%        5
 Statue Form              Tmut/Erth      0%         N/A       100%        6
 Dragon Form              Tmut           0%         N/A       100%        7
 Dragon's Call            Summ           0%         N/A       100%        9


Dungeon Overview and Level Annotations

Branches:
Dungeon (3/15)

Altars:
Xom


Message History

No target in view!
Things that are here:
a +0 flail; a +0 leather armour You now have 62 gold pieces (gained 10).
Found a stone staircase leading up.
Found a trident.
r - a wand of digging (2)
An endoplasm comes into view.
The endoplasm quivers.
You slash the endoplasm!
You kill the endoplasm!
No target in view!
Found a mace.
A sourceless malevolence fills the Dungeon...
You fall into a shaft and drop 3 floors!
The shaft crumbles and collapses.
A steam dragon comes into view.
Found 6 gold pieces and a white potion.
The steam dragon hisses angrily.
It was a potion of curing.
You feel better. The steam dragon breathes steam at you.
The ball of steam hits you!
You barely miss the steam dragon.
You are engulfed in a cloud of scalding steam.
The steam dragon barely misses you. The steam dragon claws you.
The steam dragon bites you but does no damage.
The steam dragon completely misses you.
You completely miss the steam dragon.
An adder comes into view.
The steam dragon breathes steam at you. The ball of steam hits you!!
* * * LOW HITPOINT WARNING * * *
The adder hisses angrily.
You slash the steam dragon!
The steam dragon is moderately wounded.
The steam dragon closely misses you. x2
You closely miss the steam dragon.
The steam dragon is moderately wounded.
The steam dragon bites you.
You die... .... ...! ..... ... ####### . ?S$

#.....#
...##.##.....#
##.....#§§...#
.......D@§§..#
.......§§§...#
########.....#
#.....#
#.....#
#.....#
#######


You could see a steam dragon (catching breath) and an adder.

Vanquished Creatures
  Crazy Yiuf (D:2)
  2 adders (D:2)
  A worm (D:2)
  2 dart slugs
  2 orcs (D:3)
  3 ball pythons
  8 bats
  8 endoplasms
  A giant cockroach (D:1)
  3 goblins
  7 hobgoblins
  A jackal (D:2)
  3 frilled lizards (D:2)
  3 kobolds
  3 rats (D:1)
48 creatures vanquished.

Vanquished Creatures (others)
  2 fungi (D:2)
2 creatures vanquished.

Grand Total: 50 creatures vanquished

Notes
Turn   | Place    | Note
-------+----------+-------------------------------------------
     0 | D:1      | porpoise the Hill Orc Warper began the quest for the Orb.
     0 | D:1      | Reached XP level 1. HP: 18/18 MP: 3/3
   130 | D:1      | Reached XP level 2. HP: 22/25 MP: 4/4
   232 | D:1      | Reached skill level 3 in Long Blades
   577 | D:1      | Reached XP level 3. HP: 20/31 MP: 5/5
   947 | D:2      | Found a runed translucent door.
   948 | D:2      | Noticed Crazy Yiuf
  1536 | D:2      | Reached skill level 4 in Long Blades
  1728 | D:2      | Reached XP level 4. HP: 38/38 MP: 6/6
  1866 | D:2      | Found a shimmering altar of Xom.
  2088 | D:2      | Killed Crazy Yiuf
  2577 | D:3      | You fall into a shaft and drop 3 floors!
  2580 | D:6      | Noticed a steam dragon
  2587 | D:6      | HP: 2/40 [steam dragon/ball of steam (19)]
  2589 | D:6      | Slain by a steam dragon

Illustrated notes

Levels and vault maps discovered:
D:1:      dpeg_arrival_court, layout_basic
D:2:      minmay_angry_zag, layout_loops_corners, basic_altar,
          uniq_crazy_yiuf_cottage
D:3:      layout_rooms, nicolae_sif_muna_little_library
D:6:      layout_rooms

Skill      XL: |  1  2  3 |
---------------+----------+-----
Long Blades    | 3 4 |  4.5
Fighting       | 3 |  3.8
Throwing       | |  0.8
Armour         | |  1.1
Dodging        | |  1.5
Spellcasting   | |  1.5
Translocations | |  2.4

Action                   |  1- 3 |  4- 6 || total
-------------------------+-------+-------++-------
Melee: Falchion          |    96 |       ||    96
       Short sword       |    22 |       ||    22
       Long sword        |     2 |    42 ||    44
Throw: Boomerang         |       |     1 ||     1
  Use: Potion            |       |     1 ||     1
Armor: Leather armour    |    39 |     9 ||    48
Dodge: Dodged            |    69 |    31 ||   100

Table legend: (Time is in decaauts)
 A = Elapsed time spent in this place.
 B = Non-inter-level travel time spent in this place.
 C = Inter-level travel time spent in this place.
 D = Time resting spent in this place.
 E = Time spent auto-exploring this place.
 F = Levels seen in this place.
 G = Mean time per level.
                   A        B        C        D        E       F      G
               +--------+--------+--------+--------+--------+-----+--------+
         Total |   2622 |   2583 |     39 |    862 |   1215 |   4 |  655.5 |
       Dungeon |   2622 |   2583 |     39 |    862 |   1215 |   4 |  655.5 |
               +--------+--------+--------+--------+--------+-----+--------+

Top non-repeatable levels by time:
     D:2: 1537 daAuts
     D:1: 875 daAuts
     D:3: 197 daAuts
     D:6: 12 daAuts
